WCHLSIM.com - West Coast Hockey League
html PUBLIC "-//W3C//DTD XHTML 1.0 Transitional//EN" "http://www.w3.org/TR/xhtml1/DTD/xhtml1-transitional.dtd"> WCHL - Game 183 - RENO LIONS vs OKANAGAN RATTLESNAKES

RENO LIONS vs OKANAGAN RATTLESNAKES

Created - 8 novembre 2022 at 22:08

Goals
1 2 3 OT1 SO T
RENO LIONS 2 1 0 0 0 3
OKANAGAN RATTLESNAKES 1 1 1 0 1 4
Shots
1 2 3 OT1 SO T
RENO LIONS 6 13 6 2 3 27
OKANAGAN RATTLESNAKES 8 10 9 3 2 30

1st period

1. RENO LIONS , Pierre-Luc Dubois 5 (Ilya Mikheyev 4, Cam Atkinson 10) at 8:35
2. OKANAGAN RATTLESNAKES , Mike Hoffman 1 (Alexander Wennberg 5, Jordan Eberle 2) at 9:20
3. RENO LIONS , Pierre-Luc Dubois 6 (Cam Atkinson 11) at 14:21 (PP)

Penalties :
Trevor Lewis (REN) for Charging (Minor) at 1:41, Anders Lee (OKA) for High sticking (Minor) at 12:23

2nd period

4. OKANAGAN RATTLESNAKES , T.J. Oshie 5 (Lars Eller 9) at 2:10
5. RENO LIONS , Steven Stamkos 6 (Kirill Kaprizov 11, Elias Pettersson 8) at 2:36

Penalties :
No Penalty

3rd period

6. OKANAGAN RATTLESNAKES , Travis Dermott 1 (Lars Eller 10, T.J. Oshie 3) at 12:33

Penalties :
Jacob Trouba (REN) for Hooking (Minor) at 10:14, Robert Hagg (REN) for Holding (Minor) at 14:51

Overtime #1

No Goal

Penalties :
No Penalty

Shootout

RENO LIONS, Steven Stamkos - Shot Misses the Net
OKANAGAN RATTLESNAKES, T.J. Oshie - Stopped by Elvis Merzlikins
RENO LIONS, Kirill Kaprizov - Stopped by Laurent Brossoit
OKANAGAN RATTLESNAKES, Darren Helm - Goal!
RENO LIONS, Elias Pettersson - Stopped by Laurent Brossoit

Penalties :
No Penalty

Goalie Stats

Elvis Merzlikins (REN), 27 saves from 30 shots - (0,900), OTL, 6-3-1, 65:00 minutes
Laurent Brossoit (OKA), 24 saves from 27 shots - (0,889), W, 4-5-0, 65:00 minutes

Players Stats for RENO LIONS

Player Name              G  A  P  +/- PIM S  H  SB GA TA FO     MP     PP MP  PK MP  
------------------------------------------------------------------------------------
Andreas Johnsson         0  0  0   0  0   0  0  0  0  0  0/2    10:45   0:00   0:00 
Cam Atkinson             0  2  2   0  0   3  0  0  0  0  1/1    15:24   1:08   0:00 
Derek Grant              0  0  0   0  0   0  0  0  0  0  3/6    10:45   0:00   0:00 
Elias Pettersson         0  1  1   0  0   3  0  1  0  0  0/1    21:37   0:50   0:00 
Ethan Bear               0  0  0   0  0   0  2  0  0  0  0/0    17:06   0:00   1:43 
Ilya Mikheyev            0  1  1   0  0   1  0  0  0  0  0/0    18:26   1:08   3:02 
Jacob Trouba             0  0  0   0  2   0  0  0  0  0  0/0    25:34   1:08   1:00 
Kirill Kaprizov          0  1  1   0  0   6  1  0  0  0  0/1    22:58   0:50   0:00 
Mattias Samuelsson       0  0  0  -1  0   0  3  3  0  0  0/0    20:22   0:50   3:39 
Nicholas Ritchie         0  0  0  -1  0   0  0  0  0  0  0/0     8:39   0:00   0:00 
Nikita Zadorov           0  0  0  -1  0   2  5  1  0  0  0/0    20:40   0:50   2:52 
Oliver Ekman-Larsson     0  0  0   0  0   0  1  3  0  0  0/0    24:39   1:08   1:25 
Patrick Brown            0  0  0  -1  0   0  0  0  0  0  3/8    10:32   0:00   1:53 
Pierre-Luc Dubois        2  0  2   0  0   6  2  0  0  0  13/24  18:26   1:08   2:50 
Robert Hagg              0  0  0   0  2   0  1  0  0  0  0/0    16:37   0:00   1:15 
Steven Stamkos           1  0  1   0  0   5  1  0  0  0  17/28  23:53   0:50   0:55 
Trevor Lewis             0  0  0   0  2   0  1  0  0  0  1/2    11:53   0:00   1:09 
Vincent Hinostroza       0  0  0  -1  0   1  0  0  0  0  1/2    10:44   0:00   2:05 

Players Stats for OKANAGAN RATTLESNAKES

Player Name              G  A  P  +/- PIM S  H  SB GA TA FO     MP     PP MP  PK MP  
------------------------------------------------------------------------------------
Alexander Wennberg       0  1  1   0  0   3  0  1  0  0  9/20   21:42   3:03   1:08 
Anders Lee               0  0  0   1  2   4  0  0  0  0  1/1    21:59   2:54   0:00 
Colin White              0  0  0   0  0   2  0  0  0  0  0/0    12:05   0:00   0:00 
Darren Helm              0  0  0   0  0   1  2  0  0  0  1/1    12:55   0:00   0:50 
Eric Robinson            0  0  0   0  0   1  0  0  0  0  0/0     5:25   0:00   0:00 
Jani Hakanpaa            0  0  0   2  0   0  4  3  0  0  0/0    14:06   0:00   0:00 
Jordan Eberle            0  1  1   0  0   1  0  0  0  0  0/0    22:52   3:03   0:50 
Justin Faulk             0  0  0   0  0   1  3  1  0  0  0/0    27:56   3:52   0:50 
Lars Eller               0  2  2   1  0   5  2  0  0  0  15/27  20:14   0:00   0:00 
Luke Kunin               0  0  0   0  0   2  0  1  0  0  0/2     5:25   0:00   0:00 
Mattias Ekholm           0  0  0   0  0   2  1  0  0  0  0/0    26:55   3:52   0:50 
Mike Hoffman             1  0  1   0  0   4  2  1  0  0  0/3    20:34   3:03   0:00 
Olli Maatta              0  0  0  -1  0   0  0  3  0  0  0/0    20:39   2:05   1:08 
Oskar Sundqvist          0  0  0   0  0   1  1  0  0  0  6/16   16:07   2:54   1:08 
Ryan Reaves              0  0  0   0  0   0  1  0  0  0  0/0     5:25   0:00   0:00 
T.J. Oshie               1  1  2   1  0   2  1  0  0  0  4/5    23:18   2:54   0:00 
Travis Dermott           1  0  1   2  0   1  0  1  0  0  0/0    14:06   0:00   0:00 
Vince Dunn               0  0  0  -1  0   0  0  2  0  0  0/0    21:18   2:05   1:08 

3 Stars

1 - Pierre-Luc Dubois (REN)
2 - T.J. Oshie (OKA)
3 - Travis Dermott (OKA)

Power Play

RENO LIONS - 1 on 1 Attempt(s) - 100,00%
OKANAGAN RATTLESNAKES - 0 on 3 Attempt(s) - 0,00%

Penalty Kill

RENO LIONS - 3 on 3 Attempt(s) - 100,00% - Score 0 goal in Penalty Kill
OKANAGAN RATTLESNAKES - 0 on 1 Attempt(s) - 0,00% - Score 0 goal in Penalty Kill

Team Stat

RENO LIONS - Hits : 17 - Faceoff Wins : 39 - Blocked Shots : 8 - Penalty Minutes : 6
OKANAGAN RATTLESNAKES - Hits : 17 - Faceoff Wins : 36 - Blocked Shots : 13 - Penalty Minutes : 2

Official

Referees : Dean Morton and Brad Meier
Linesman : Brendan Lewis and Glen Cooke

Game Notes

No Game Note

Finance

Level 1 -- Attendance: 6000 (100,00%) -- Ticket Income 600 000 $
Level 2 -- Attendance: 5000 (100,00%) -- Ticket Income 300 000 $
Level 3 -- Attendance: 2000 (100,00%) -- Ticket Income 70 000 $
Level 4 -- Attendance: 4000 (100,00%) -- Ticket Income 100 000 $
Luxury Box -- Attendance: 1000 (100,00%) -- Ticket Income 200 000 $
Total Attendance: 18000 (100,00%)
Total Ticket Income: 1 270 000 $
Other Expense: 12 700 $
Total Income: 1 257 300 $

RENO LIONS

5 vs 5 Forward 
   Center                   Left Wing                Right Wing               Time % Phy DF OF 
 1 Steven Stamkos           Kirill Kaprizov          Elias Pettersson         40     0   1  4  
 2 Pierre-Luc Dubois        Ilya Mikheyev            Cam Atkinson             30     0   1  4  
 3 Derek Grant              Andreas Johnsson         Trevor Lewis             20     1   3  1  
 4 Patrick Brown            Nicholas Ritchie         Vincent Hinostroza       10     2   3  0  

5 vs 5 Defense 
   Defense                  Defense                                           Time % Phy DF OF 
 1 Jacob Trouba             Oliver Ekman-Larsson                              36     1   2  2  
 2 Nikita Zadorov           Mattias Samuelsson                                31     1   2  2  
 3 Ethan Bear               Robert Hagg                                       23     1   2  2  
 4 Jacob Trouba             Oliver Ekman-Larsson                              10     1   2  2  

PowerPlay Forward 
   Center                   Left Wing                Right Wing               Time % Phy DF OF 
 1 Pierre-Luc Dubois        Ilya Mikheyev            Cam Atkinson             65     0   0  5  
 2 Steven Stamkos           Kirill Kaprizov          Elias Pettersson         35     0   0  5  

PowerPlay Defense
   Defense                  Defense                                           Time % Phy DF OF 
 1 Jacob Trouba             Oliver Ekman-Larsson                              55     1   2  2  
 2 Mattias Samuelsson       Nikita Zadorov                                    45     1   2  2  

Penalty Kill 4 Players Forward 
   Center                   Wing                     Time % Phy DF OF 
 1 Patrick Brown            Ilya Mikheyev            55     1   2  2  
 2 Pierre-Luc Dubois        Vincent Hinostroza       45     1   2  2  

Penalty Kill 4 Players Defense
   Defense                  Defense                  Time % Phy DF OF 
 1 Mattias Samuelsson       Robert Hagg              55     1   2  2  
 2 Ethan Bear               Nikita Zadorov           45     1   2  2  

Penalty Kill - 3 Players Forward 
   Forward                                           Time % Phy DF OF 
 1 Cam Atkinson                                      55     1   2  2  
 2 Pierre-Luc Dubois                                 45     1   2  2  

Penalty Kill - 3 Players Defense
   Defense                  Defense                  Time % Phy DF OF 
 1 Jacob Trouba             Oliver Ekman-Larsson     55     1   2  2  
 2 Mattias Samuelsson       Robert Hagg              45     1   2  2  

4 vs 4 Forward 
   Center                   Wing                     Time % Phy DF OF 
 1 Derek Grant              Andreas Johnsson         55     1   2  2  
 2 Trevor Lewis             Nicholas Ritchie         45     1   2  2  

4 vs 4 Defense
   Defense                  Defense                  Time % Phy DF OF 
 1 Ethan Bear               Robert Hagg              55     1   2  2  
 2 Jacob Trouba             Oliver Ekman-Larsson     45     1   2  2  

Last Minutes Offensive
   Center                   Left Wing                Right Wing               Defense                  Defense                  
   Steven Stamkos           Kirill Kaprizov          Elias Pettersson         Jacob Trouba             Oliver Ekman-Larsson     

Last Minutes Defensive
   Center                   Left Wing                Right Wing               Defense                  Defense                  
   Steven Stamkos           Kirill Kaprizov          Ilya Mikheyev            Jacob Trouba             Oliver Ekman-Larsson     

Goaltenders
Starting : Elvis Merzlikins         
Backup : Eric Comrie              

Extra Forwards
Normal : Pierre-Luc Dubois, Cam Atkinson, Derek Grant - PP : Andreas Johnsson, Nicholas Ritchie - PK : Patrick Brown
Extra Defensemen
Normal : Nikita Zadorov, Ethan Bear, Jacob Trouba - PP : Oliver Ekman-Larsson - PK : Mattias Samuelsson, Robert Hagg
Penalty Shots
Steven Stamkos, Kirill Kaprizov, Elias Pettersson, Pierre-Luc Dubois, Cam Atkinson
Custom OT Lines Forwards
Steven Stamkos, Kirill Kaprizov, Elias Pettersson, Pierre-Luc Dubois, Cam Atkinson, Ilya Mikheyev, Derek Grant, Trevor Lewis, Andreas Johnsson, Nicholas Ritchie
Custom OT Lines Defensemen
Jacob Trouba, Oliver Ekman-Larsson, Nikita Zadorov, Mattias Samuelsson, Robert Hagg

Scratches
None

OKANAGAN RATTLESNAKES

5 vs 5 Forward 
   Center                   Left Wing                Right Wing               Time % Phy DF OF 
 1 Lars Eller               Anders Lee               T.J. Oshie               36     1   2  2  
 2 Alexander Wennberg       Mike Hoffman             Jordan Eberle            31     1   2  2  
 3 Oskar Sundqvist          Darren Helm              Colin White              23     1   2  2  
 4 Luke Kunin               Eric Robinson            Ryan Reaves              10     1   2  2  

5 vs 5 Defense 
   Defense                  Defense                                           Time % Phy DF OF 
 1 Justin Faulk             Mattias Ekholm                                    36     1   2  2  
 2 Vince Dunn               Olli Maatta                                       31     1   2  2  
 3 Jani Hakanpaa            Travis Dermott                                    23     1   2  2  
 4 Justin Faulk             Mattias Ekholm                                    10     1   2  2  

PowerPlay Forward 
   Center                   Left Wing                Right Wing               Time % Phy DF OF 
 1 T.J. Oshie               Anders Lee               Oskar Sundqvist          55     1   2  2  
 2 Alexander Wennberg       Mike Hoffman             Jordan Eberle            45     1   2  2  

PowerPlay Defense
   Defense                  Defense                                           Time % Phy DF OF 
 1 Justin Faulk             Mattias Ekholm                                    55     1   2  2  
 2 Vince Dunn               Olli Maatta                                       45     1   2  2  

Penalty Kill 4 Players Forward 
   Center                   Wing                     Time % Phy DF OF 
 1 Oskar Sundqvist          Alexander Wennberg       55     1   2  2  
 2 Jordan Eberle            Anders Lee               45     1   2  2  

Penalty Kill 4 Players Defense
   Defense                  Defense                  Time % Phy DF OF 
 1 Justin Faulk             Mattias Ekholm           55     1   2  2  
 2 Vince Dunn               Olli Maatta              45     1   2  2  

Penalty Kill - 3 Players Forward 
   Forward                                           Time % Phy DF OF 
 1 Jordan Eberle                                     55     1   2  2  
 2 Anders Lee                                        45     1   2  2  

Penalty Kill - 3 Players Defense
   Defense                  Defense                  Time % Phy DF OF 
 1 Travis Dermott           Mattias Ekholm           55     1   2  2  
 2 Vince Dunn               Olli Maatta              45     1   2  2  

4 vs 4 Forward 
   Center                   Wing                     Time % Phy DF OF 
 1 Alexander Wennberg       Oskar Sundqvist          55     1   2  2  
 2 Jordan Eberle            Anders Lee               45     1   2  2  

4 vs 4 Defense
   Defense                  Defense                  Time % Phy DF OF 
 1 Jani Hakanpaa            Mattias Ekholm           55     1   2  2  
 2 Vince Dunn               Olli Maatta              45     1   2  2  

Last Minutes Offensive
   Center                   Left Wing                Right Wing               Defense                  Defense                  
   Lars Eller               Anders Lee               T.J. Oshie               Justin Faulk             Mattias Ekholm           

Last Minutes Defensive
   Center                   Left Wing                Right Wing               Defense                  Defense                  
   Lars Eller               Anders Lee               T.J. Oshie               Justin Faulk             Mattias Ekholm           

Goaltenders
Starting : Laurent Brossoit         
Backup : Ville Husso              

Extra Forwards
Normal : Oskar Sundqvist, Colin White, Darren Helm - PP : Oskar Sundqvist, Colin White - PK : Darren Helm
Extra Defensemen
Normal : Jani Hakanpaa, Travis Dermott, Vince Dunn - PP : Jani Hakanpaa - PK : Travis Dermott, Vince Dunn
Penalty Shots
T.J. Oshie, Darren Helm, Jordan Eberle, Anders Lee, Alexander Wennberg
Custom OT Lines Forwards
T.J. Oshie, Lars Eller, Jordan Eberle, Anders Lee, Alexander Wennberg, Mike Hoffman, Oskar Sundqvist, Colin White, Darren Helm, Eric Robinson
Custom OT Lines Defensemen
Justin Faulk, Mattias Ekholm, Vince Dunn, Olli Maatta, Jani Hakanpaa

Scratches
Kevin Labanc (Healthy), Markus Nutivaara (Healthy), Carter Hutton (Healthy)

% Time on Ice - RENO LIONS

Lines # - Real PCT - Wanted PCT - Time Play
Normal Forward
1 - 37% - 40% - 19:30
2 - 25% - 30% - 13:11
3 - 21% - 20% - 10:45
4 - 17% - 10% - 8:39
Normal Defense
1 - 35% - 36% - 18:15
2 - 30% - 31% - 15:53
3 - 30% - 23% - 15:23
4 - 5% - 10% - 2:34
PP Forward
1 - 58% - 65% - 1:08
2 - 42% - 35% - 0:50
PP Defense
1 - 58% - 55% - 1:08
2 - 42% - 45% - 0:50
PK Forward
1 - 52% - 55% - 3:07
2 - 48% - 45% - 2:50
PK Defense
1 - 52% - 55% - 3:05
2 - 48% - 45% - 2:52
PK3 Forward
1 - 0% - 55%
2 - 0% - 45%
PK3 Defense
1 - 0% - 55%
2 - 0% - 45%
44 Forward
1 - 0% - 55%
2 - 0% - 45%
44 Defense
1 - 0% - 55%
2 - 0% - 45%
Last Minute Offensive  - 0:00
Last Minute Defensive  - 0:00
Total
Forward - 60:00
Defense - 60:00

% Time on Ice - OKANAGAN RATTLESNAKES

Lines # - Real PCT - Wanted PCT - Time Play
Normal Forward
1 - 34% - 36% - 17:43
2 - 32% - 31% - 16:52
3 - 23% - 23% - 12:05
4 - 10% - 10% - 5:25
Normal Defense
1 - 33% - 36% - 17:16
2 - 33% - 31% - 17:26
3 - 27% - 23% - 14:06
4 - 6% - 10% - 3:17
PP Forward
1 - 49% - 55% - 2:54
2 - 51% - 45% - 3:03
PP Defense
1 - 65% - 55% - 3:52
2 - 35% - 45% - 2:05
PK Forward
1 - 58% - 55% - 1:08
2 - 42% - 45% - 0:50
PK Defense
1 - 42% - 55% - 0:50
2 - 58% - 45% - 1:08
PK3 Forward
1 - 0% - 55%
2 - 0% - 45%
PK3 Defense
1 - 0% - 55%
2 - 0% - 45%
44 Forward
1 - 0% - 55%
2 - 0% - 45%
44 Defense
1 - 0% - 55%
2 - 0% - 45%
Last Minute Offensive  - 0:00
Last Minute Defensive  - 0:00
Total
Forward - 60:00
Defense - 60:00

Play-by-Play

1st period


0:01 of 1st period - Steven Stamkos wins face-off versus Lars Eller in neutral zone.
0:31 of 1st period - Off-side.
0:32 of 1st period - Pierre-Luc Dubois wins face-off versus Mike Hoffman in neutral zone.
0:45 of 1st period - Shot by Jordan Eberle.
0:45 of 1st period - Shot Misses the Net.
0:54 of 1st period - Icing by Ilya Mikheyev.
0:55 of 1st period - Oskar Sundqvist wins face-off versus Pierre-Luc Dubois in RENO LIONS zone.
0:55 of 1st period - Colin White is hit by Nikita Zadorov and loses puck.
1:08 of 1st period - Mattias Samuelsson is hit by Darren Helm and loses puck.
1:41 of 1st period - Minor Penalty to Trevor Lewis for Charging.
1:42 of 1st period - Patrick Brown wins face-off versus Alexander Wennberg in RENO LIONS zone.
1:51 of 1st period - Shot by Mike Hoffman.
1:51 of 1st period - Shot Misses the Net.
2:03 of 1st period - Shot by Justin Faulk.
2:03 of 1st period - Deflect By Jordan Eberle.
2:03 of 1st period - Shot Hit the Post.
2:09 of 1st period - Shot by Justin Faulk.
2:09 of 1st period - Stopped by Elvis Merzlikins without a rebound.
2:10 of 1st period - T.J. Oshie wins face-off versus Vincent Hinostroza in RENO LIONS zone.
2:51 of 1st period - Shot by Oskar Sundqvist.
2:51 of 1st period - Shot Misses the Net.
3:57 of 1st period - Shot by Kirill Kaprizov.
3:57 of 1st period - Shot Hit the Post.
3:59 of 1st period - Shot by Kirill Kaprizov.
3:59 of 1st period - Stopped by Laurent Brossoit without a rebound.
4:00 of 1st period - Lars Eller wins face-off versus Andreas Johnsson in OKANAGAN RATTLESNAKES zone.
5:14 of 1st period - Oliver Ekman-Larsson is hit by Mike Hoffman and loses puck.
5:45 of 1st period - Oliver Ekman-Larsson is hit by Mike Hoffman and loses puck.
6:12 of 1st period - Oliver Ekman-Larsson is hit by Darren Helm and loses puck.
7:09 of 1st period - Shot by Kirill Kaprizov.
7:09 of 1st period - Shot Misses the Net.
7:11 of 1st period - Shot by Kirill Kaprizov.
7:11 of 1st period - Shot Blocked by Luke Kunin.
7:13 of 1st period - Shot by Robert Hagg.
7:13 of 1st period - Deflect By Kirill Kaprizov.
7:13 of 1st period - Shot Blocked by Olli Maatta.
8:00 of 1st period - Shot by Cam Atkinson.
8:00 of 1st period - Stopped by Laurent Brossoit without a rebound.
8:01 of 1st period - Anders Lee wins face-off versus Pierre-Luc Dubois in OKANAGAN RATTLESNAKES zone.
8:08 of 1st period - Shot by Lars Eller.
8:08 of 1st period - Stopped by Elvis Merzlikins without a rebound.
8:09 of 1st period - Pierre-Luc Dubois wins face-off versus Lars Eller in RENO LIONS zone.
8:09 of 1st period - Pierre-Luc Dubois is hit by Lars Eller.
8:25 of 1st period - Shot by Pierre-Luc Dubois.
8:25 of 1st period - Stopped by Laurent Brossoit with a rebound.
8:35 of 1st period - Shot by Pierre-Luc Dubois.
8:35 of 1st period - Goal by Pierre-Luc Dubois - RENO LIONS : 1 - OKANAGAN RATTLESNAKES : 0.
8:36 of 1st period - Alexander Wennberg wins face-off versus Patrick Brown in neutral zone.
8:41 of 1st period - Shot by Alexander Wennberg.
8:41 of 1st period - Stopped by Elvis Merzlikins without a rebound.
8:42 of 1st period - Vincent Hinostroza wins face-off versus Mike Hoffman in RENO LIONS zone.
9:20 of 1st period - Shot by Mike Hoffman.
9:20 of 1st period - Goal by Mike Hoffman - RENO LIONS : 1 - OKANAGAN RATTLESNAKES : 1.
9:21 of 1st period - Steven Stamkos wins face-off versus Lars Eller in neutral zone.
10:00 of 1st period - Shot by T.J. Oshie.
10:00 of 1st period - Shot Blocked by Elias Pettersson.
10:06 of 1st period - Shot by T.J. Oshie.
10:06 of 1st period - Shot Misses the Net.
10:53 of 1st period - Shot by Pierre-Luc Dubois.
10:53 of 1st period - Shot Misses the Net.
11:16 of 1st period - Shot by Cam Atkinson.
11:16 of 1st period - Shot Blocked by Jani Hakanpaa.
11:19 of 1st period - Icing by Travis Dermott.
11:20 of 1st period - Patrick Brown wins face-off versus Alexander Wennberg in OKANAGAN RATTLESNAKES zone.
12:10 of 1st period - Icing by Nicholas Ritchie.
12:11 of 1st period - Lars Eller wins face-off versus Patrick Brown in RENO LIONS zone.
12:23 of 1st period - Minor Penalty to Anders Lee for High sticking.
12:24 of 1st period - Pierre-Luc Dubois wins face-off versus Oskar Sundqvist in OKANAGAN RATTLESNAKES zone.
12:33 of 1st period - Shot by Pierre-Luc Dubois.
12:33 of 1st period - Deflect By Cam Atkinson.
12:33 of 1st period - Shot Misses the Net.
12:35 of 1st period - Shot by Jacob Trouba.
12:35 of 1st period - Shot Misses the Net.
12:37 of 1st period - Shot by Pierre-Luc Dubois.
12:37 of 1st period - Shot Blocked by Vince Dunn.
12:39 of 1st period - Shot by Cam Atkinson.
12:39 of 1st period - Shot Misses the Net.
12:41 of 1st period - Shot by Ilya Mikheyev.
12:41 of 1st period - Shot Blocked by Olli Maatta.
14:21 of 1st period - Shot by Cam Atkinson.
14:21 of 1st period - Deflect By Pierre-Luc Dubois.
14:21 of 1st period - Goal by Pierre-Luc Dubois - RENO LIONS : 2 - OKANAGAN RATTLESNAKES : 1.
14:22 of 1st period - Lars Eller wins face-off versus Derek Grant in neutral zone.
14:22 of 1st period - Lars Eller is hit by Trevor Lewis.
14:42 of 1st period - Off-side.
14:43 of 1st period - Patrick Brown wins face-off versus Luke Kunin in neutral zone.
14:59 of 1st period - Patrick Brown is hit by Ryan Reaves and loses puck.
15:08 of 1st period - Shot by Luke Kunin.
15:08 of 1st period - Stopped by Elvis Merzlikins without a rebound.
15:09 of 1st period - Steven Stamkos wins face-off versus Lars Eller in RENO LIONS zone.
15:16 of 1st period - Shot by Elias Pettersson.
15:16 of 1st period - Stopped by Laurent Brossoit without a rebound.
15:17 of 1st period - Steven Stamkos wins face-off versus Lars Eller in OKANAGAN RATTLESNAKES zone.
16:02 of 1st period - Lars Eller is hit by Robert Hagg and loses puck.
16:48 of 1st period - Off-side.
16:49 of 1st period - Oskar Sundqvist wins face-off versus Pierre-Luc Dubois in neutral zone.
16:53 of 1st period - Icing by Ilya Mikheyev.
16:54 of 1st period - Pierre-Luc Dubois wins face-off versus Oskar Sundqvist in RENO LIONS zone.
17:25 of 1st period - Shot by Colin White.
17:25 of 1st period - Stopped by Elvis Merzlikins with a rebound.
18:01 of 1st period - Nikita Zadorov is hit by T.J. Oshie and loses puck.
18:11 of 1st period - Lars Eller is hit by Mattias Samuelsson and loses puck.
18:32 of 1st period - Shot by Jordan Eberle.
18:32 of 1st period - Shot Blocked by Nikita Zadorov.
18:44 of 1st period - Shot by Mike Hoffman.
18:44 of 1st period - Shot Misses the Net.
18:48 of 1st period - Shot by Jordan Eberle.
18:48 of 1st period - Stopped by Elvis Merzlikins with a rebound.
18:52 of 1st period - Shot by Alexander Wennberg.
18:52 of 1st period - Shot Misses the Net.
18:59 of 1st period - Mike Hoffman is hit by Mattias Samuelsson and loses puck.
19:31 of 1st period - Shot by Luke Kunin.
19:31 of 1st period - Stopped by Elvis Merzlikins without a rebound.
19:32 of 1st period - Oskar Sundqvist wins face-off versus Elias Pettersson in RENO LIONS zone.
Goals for this period are 2 for RENO LIONS vs 1 for OKANAGAN RATTLESNAKES.
Shots for this period are 6 for RENO LIONS vs 8 for OKANAGAN RATTLESNAKES.

2nd period


0:01 of 2nd period - Steven Stamkos wins face-off versus Lars Eller in neutral zone.
0:24 of 2nd period - Shot by Anders Lee.
0:24 of 2nd period - Shot Misses the Net.
0:29 of 2nd period - Icing by Oliver Ekman-Larsson.
0:30 of 2nd period - Steven Stamkos wins face-off versus Alexander Wennberg in RENO LIONS zone.
0:41 of 2nd period - Shot by Steven Stamkos.
0:41 of 2nd period - Stopped by Laurent Brossoit without a rebound.
0:42 of 2nd period - Pierre-Luc Dubois wins face-off versus Oskar Sundqvist in OKANAGAN RATTLESNAKES zone.
0:45 of 2nd period - Shot by Cam Atkinson.
0:45 of 2nd period - Shot Blocked by Jani Hakanpaa.
2:10 of 2nd period - Shot by T.J. Oshie.
2:10 of 2nd period - Goal by T.J. Oshie - RENO LIONS : 2 - OKANAGAN RATTLESNAKES : 2.
2:11 of 2nd period - Alexander Wennberg wins face-off versus Steven Stamkos in neutral zone.
2:18 of 2nd period - Shot by Alexander Wennberg.
2:18 of 2nd period - Stopped by Elvis Merzlikins without a rebound.
2:19 of 2nd period - Steven Stamkos wins face-off versus Alexander Wennberg in RENO LIONS zone.
2:32 of 2nd period - Shot by Kirill Kaprizov.
2:32 of 2nd period - Shot Blocked by Olli Maatta.
2:34 of 2nd period - Shot by Elias Pettersson.
2:34 of 2nd period - Deflect By Steven Stamkos.
2:34 of 2nd period - Shot Misses the Net.
2:36 of 2nd period - Shot by Kirill Kaprizov.
2:36 of 2nd period - Deflect By Steven Stamkos.
2:36 of 2nd period - Goal by Steven Stamkos - RENO LIONS : 3 - OKANAGAN RATTLESNAKES : 2.
2:37 of 2nd period - Oskar Sundqvist wins face-off versus Patrick Brown in neutral zone.
2:39 of 2nd period - Justin Faulk is hit by Ethan Bear and loses puck.
2:49 of 2nd period - Oskar Sundqvist is hit by Ethan Bear and loses puck.
3:05 of 2nd period - Shot by Darren Helm.
3:05 of 2nd period - Stopped by Elvis Merzlikins without a rebound.
3:06 of 2nd period - Alexander Wennberg wins face-off versus Steven Stamkos in RENO LIONS zone.
3:09 of 2nd period - Shot by Jordan Eberle.
3:09 of 2nd period - Shot Misses the Net.
3:24 of 2nd period - Shot by Kirill Kaprizov.
3:24 of 2nd period - Shot Misses the Net.
3:49 of 2nd period - Shot by Elias Pettersson.
3:49 of 2nd period - Stopped by Laurent Brossoit without a rebound.
3:50 of 2nd period - Pierre-Luc Dubois wins face-off versus Lars Eller in OKANAGAN RATTLESNAKES zone.
4:40 of 2nd period - Mattias Ekholm is hit by Pierre-Luc Dubois and loses puck.
5:00 of 2nd period - Shot by Derek Grant.
5:00 of 2nd period - Deflect By Andreas Johnsson.
5:00 of 2nd period - Shot Misses the Net.
5:02 of 2nd period - Shot by Nikita Zadorov.
5:02 of 2nd period - Stopped by Laurent Brossoit without a rebound.
5:03 of 2nd period - Alexander Wennberg wins face-off versus Steven Stamkos in OKANAGAN RATTLESNAKES zone.
5:46 of 2nd period - Shot by Steven Stamkos.
5:46 of 2nd period - Stopped by Laurent Brossoit with a rebound.
5:48 of 2nd period - Shot by Oliver Ekman-Larsson.
5:48 of 2nd period - Shot Blocked by Vince Dunn.
6:35 of 2nd period - Shot by Colin White.
6:35 of 2nd period - Stopped by Elvis Merzlikins without a rebound.
6:36 of 2nd period - Pierre-Luc Dubois wins face-off versus Luke Kunin in RENO LIONS zone.
6:46 of 2nd period - Shot by Ilya Mikheyev.
6:46 of 2nd period - Stopped by Laurent Brossoit without a rebound.
6:47 of 2nd period - Lars Eller wins face-off versus Patrick Brown in OKANAGAN RATTLESNAKES zone.
8:28 of 2nd period - Shot by Alexander Wennberg.
8:28 of 2nd period - Shot Misses the Net.
8:40 of 2nd period - Shot by Mike Hoffman.
8:40 of 2nd period - Stopped by Elvis Merzlikins without a rebound.
8:41 of 2nd period - Oskar Sundqvist wins face-off versus Pierre-Luc Dubois in RENO LIONS zone.
8:55 of 2nd period - Icing by Travis Dermott.
8:56 of 2nd period - Derek Grant wins face-off versus Oskar Sundqvist in OKANAGAN RATTLESNAKES zone.
9:39 of 2nd period - Icing by Jani Hakanpaa.
9:40 of 2nd period - Darren Helm wins face-off versus Steven Stamkos in OKANAGAN RATTLESNAKES zone.
9:40 of 2nd period - Darren Helm is hit by Steven Stamkos.
9:58 of 2nd period - Shot by Steven Stamkos.
9:58 of 2nd period - Stopped by Laurent Brossoit without a rebound.
9:59 of 2nd period - Pierre-Luc Dubois wins face-off versus Alexander Wennberg in OKANAGAN RATTLESNAKES zone.
10:12 of 2nd period - Shot by Pierre-Luc Dubois.
10:12 of 2nd period - Stopped by Laurent Brossoit without a rebound.
10:13 of 2nd period - Lars Eller wins face-off versus Steven Stamkos in OKANAGAN RATTLESNAKES zone.
10:34 of 2nd period - Shot by Kirill Kaprizov.
10:34 of 2nd period - Stopped by Laurent Brossoit without a rebound.
10:35 of 2nd period - Alexander Wennberg wins face-off versus Pierre-Luc Dubois in OKANAGAN RATTLESNAKES zone.
10:35 of 2nd period - Alexander Wennberg is hit by Pierre-Luc Dubois.
10:38 of 2nd period - Icing by Mike Hoffman.
10:39 of 2nd period - Steven Stamkos wins face-off versus Alexander Wennberg in OKANAGAN RATTLESNAKES zone.
10:40 of 2nd period - Shot by Kirill Kaprizov.
10:40 of 2nd period - Shot Misses the Net.
11:22 of 2nd period - Shot by Alexander Wennberg.
11:22 of 2nd period - Shot Misses the Net.
13:00 of 2nd period - Cam Atkinson is hit by Jani Hakanpaa and loses puck.
13:18 of 2nd period - Ilya Mikheyev is hit by Jani Hakanpaa and loses puck.
14:01 of 2nd period - Shot by Trevor Lewis.
14:01 of 2nd period - Shot Misses the Net.
15:22 of 2nd period - Shot by Anders Lee.
15:22 of 2nd period - Shot Misses the Net.
15:54 of 2nd period - Shot by Eric Robinson.
15:54 of 2nd period - Stopped by Elvis Merzlikins without a rebound.
15:55 of 2nd period - Cam Atkinson wins face-off versus Alexander Wennberg in RENO LIONS zone.
16:22 of 2nd period - Shot by Pierre-Luc Dubois.
16:22 of 2nd period - Stopped by Laurent Brossoit without a rebound.
16:23 of 2nd period - Steven Stamkos wins face-off versus Oskar Sundqvist in OKANAGAN RATTLESNAKES zone.
16:46 of 2nd period - Shot by Kirill Kaprizov.
16:46 of 2nd period - Stopped by Laurent Brossoit with a rebound.
16:54 of 2nd period - Shot by Elias Pettersson.
16:54 of 2nd period - Stopped by Laurent Brossoit without a rebound.
16:55 of 2nd period - Pierre-Luc Dubois wins face-off versus Lars Eller in OKANAGAN RATTLESNAKES zone.
17:18 of 2nd period - Shot by Pierre-Luc Dubois.
17:18 of 2nd period - Shot Misses the Net.
17:20 of 2nd period - Shot by Cam Atkinson.
17:20 of 2nd period - Stopped by Laurent Brossoit without a rebound.
17:21 of 2nd period - Alexander Wennberg wins face-off versus Kirill Kaprizov in OKANAGAN RATTLESNAKES zone.
17:46 of 2nd period - Elias Pettersson is hit by Mattias Ekholm and loses puck.
17:57 of 2nd period - Shot by Alexander Wennberg.
17:57 of 2nd period - Stopped by Elvis Merzlikins with a rebound.
17:59 of 2nd period - Shot by Mike Hoffman.
17:59 of 2nd period - Stopped by Elvis Merzlikins without a rebound.
18:00 of 2nd period - Lars Eller wins face-off versus Pierre-Luc Dubois in RENO LIONS zone.
18:07 of 2nd period - Shot by Anders Lee.
18:07 of 2nd period - Stopped by Elvis Merzlikins without a rebound.
18:08 of 2nd period - Lars Eller wins face-off versus Pierre-Luc Dubois in RENO LIONS zone.
18:25 of 2nd period - Shot by T.J. Oshie.
18:25 of 2nd period - Deflect By Anders Lee.
18:25 of 2nd period - Stopped by Elvis Merzlikins without a rebound.
18:26 of 2nd period - Steven Stamkos wins face-off versus Oskar Sundqvist in RENO LIONS zone.
18:32 of 2nd period - Kirill Kaprizov is hit by Justin Faulk and loses puck.
18:42 of 2nd period - Elias Pettersson is hit by Justin Faulk and loses puck.
19:03 of 2nd period - Shot by Colin White.
19:03 of 2nd period - Shot Misses the Net.
Goals for this period are 1 for RENO LIONS vs 1 for OKANAGAN RATTLESNAKES.
Shots for this period are 13 for RENO LIONS vs 10 for OKANAGAN RATTLESNAKES.

3rd period


0:01 of 3rd period - Lars Eller wins face-off versus Pierre-Luc Dubois in neutral zone.
0:12 of 3rd period - Shot by Anders Lee.
0:12 of 3rd period - Stopped by Elvis Merzlikins with a rebound.
0:14 of 3rd period - Shot by Mattias Ekholm.
0:14 of 3rd period - Stopped by Elvis Merzlikins with a rebound.
0:24 of 3rd period - Shot by Lars Eller.
0:24 of 3rd period - Stopped by Elvis Merzlikins without a rebound.
0:25 of 3rd period - Alexander Wennberg wins face-off versus Steven Stamkos in RENO LIONS zone.
0:25 of 3rd period - Alexander Wennberg is hit by Nikita Zadorov.
0:32 of 3rd period - Jordan Eberle is hit by Nikita Zadorov and loses puck.
0:46 of 3rd period - Jordan Eberle is hit by Nikita Zadorov and loses puck.
0:54 of 3rd period - Icing by Nikita Zadorov.
0:55 of 3rd period - Lars Eller wins face-off versus Steven Stamkos in RENO LIONS zone.
1:25 of 3rd period - T.J. Oshie is hit by Mattias Samuelsson and loses puck.
1:51 of 3rd period - Shot by Cam Atkinson.
1:51 of 3rd period - Shot Misses the Net.
2:03 of 3rd period - Shot by Pierre-Luc Dubois.
2:03 of 3rd period - Shot Misses the Net.
2:05 of 3rd period - Shot by Oliver Ekman-Larsson.
2:05 of 3rd period - Shot Misses the Net.
2:07 of 3rd period - Shot by Ilya Mikheyev.
2:07 of 3rd period - Deflect By Pierre-Luc Dubois.
2:07 of 3rd period - Shot Blocked by Justin Faulk.
3:03 of 3rd period - Shot by Jordan Eberle.
3:03 of 3rd period - Shot Misses the Net.
4:32 of 3rd period - Shot by Oskar Sundqvist.
4:32 of 3rd period - Shot Misses the Net.
6:20 of 3rd period - Shot by Colin White.
6:20 of 3rd period - Shot Misses the Net.
7:33 of 3rd period - Kirill Kaprizov is hit by Jani Hakanpaa and loses puck.
7:54 of 3rd period - Shot by Elias Pettersson.
7:54 of 3rd period - Shot Blocked by Travis Dermott.
7:56 of 3rd period - Shot by Steven Stamkos.
7:56 of 3rd period - Deflect By Kirill Kaprizov.
7:56 of 3rd period - Stopped by Laurent Brossoit with a rebound.
8:24 of 3rd period - Shot by Pierre-Luc Dubois.
8:24 of 3rd period - Shot Misses the Net.
8:37 of 3rd period - Cam Atkinson is hit by Jani Hakanpaa and loses puck.
8:40 of 3rd period - Shot by Pierre-Luc Dubois.
8:40 of 3rd period - Shot Blocked by Jani Hakanpaa.
8:44 of 3rd period - Shot by Pierre-Luc Dubois.
8:44 of 3rd period - Shot Blocked by Alexander Wennberg.
8:46 of 3rd period - Shot by Cam Atkinson.
8:46 of 3rd period - Shot Misses the Net.
8:48 of 3rd period - Shot by Nikita Zadorov.
8:48 of 3rd period - Stopped by Laurent Brossoit without a rebound.
8:49 of 3rd period - Lars Eller wins face-off versus Derek Grant in OKANAGAN RATTLESNAKES zone.
8:53 of 3rd period - Icing by T.J. Oshie.
8:54 of 3rd period - Derek Grant wins face-off versus Lars Eller in OKANAGAN RATTLESNAKES zone.
8:58 of 3rd period - Icing by Vince Dunn.
8:59 of 3rd period - Steven Stamkos wins face-off versus Lars Eller in OKANAGAN RATTLESNAKES zone.
9:06 of 3rd period - Shot by Kirill Kaprizov.
9:06 of 3rd period - Stopped by Laurent Brossoit without a rebound.
9:07 of 3rd period - Lars Eller wins face-off versus Steven Stamkos in OKANAGAN RATTLESNAKES zone.
9:07 of 3rd period - Lars Eller is hit by Kirill Kaprizov.
9:17 of 3rd period - Shot by Anders Lee.
9:17 of 3rd period - Stopped by Elvis Merzlikins with a rebound.
9:24 of 3rd period - T.J. Oshie is hit by Nikita Zadorov and loses puck.
9:41 of 3rd period - Shot by T.J. Oshie.
9:41 of 3rd period - Shot Misses the Net.
9:43 of 3rd period - Shot by Justin Faulk.
9:43 of 3rd period - Shot Blocked by Mattias Samuelsson.
9:45 of 3rd period - Shot by Lars Eller.
9:45 of 3rd period - Stopped by Elvis Merzlikins without a rebound.
9:46 of 3rd period - Pierre-Luc Dubois wins face-off versus Oskar Sundqvist in RENO LIONS zone.
9:52 of 3rd period - Oskar Sundqvist is hit by Oliver Ekman-Larsson and loses puck.
10:03 of 3rd period - Shot by Oskar Sundqvist.
10:03 of 3rd period - Shot Blocked by Oliver Ekman-Larsson.
10:14 of 3rd period - Minor Penalty to Jacob Trouba for Hooking.
10:15 of 3rd period - Alexander Wennberg wins face-off versus Trevor Lewis in RENO LIONS zone.
10:33 of 3rd period - Icing by Justin Faulk.
10:34 of 3rd period - Alexander Wennberg wins face-off versus Pierre-Luc Dubois in OKANAGAN RATTLESNAKES zone.
10:39 of 3rd period - Shot by Mattias Ekholm.
10:39 of 3rd period - Stopped by Elvis Merzlikins without a rebound.
10:40 of 3rd period - Trevor Lewis wins face-off versus T.J. Oshie in RENO LIONS zone.
10:40 of 3rd period - Trevor Lewis is hit by Oskar Sundqvist.
11:23 of 3rd period - Shot by Oskar Sundqvist.
11:23 of 3rd period - Stopped by Elvis Merzlikins without a rebound.
11:24 of 3rd period - Pierre-Luc Dubois wins face-off versus Mike Hoffman in RENO LIONS zone.
12:13 of 3rd period - Off-side.
12:14 of 3rd period - Steven Stamkos wins face-off versus Lars Eller in neutral zone.
12:14 of 3rd period - Kirill Kaprizov is hit by Lars Eller and loses puck.
12:31 of 3rd period - Shot by Lars Eller.
12:31 of 3rd period - Shot Misses the Net.
12:33 of 3rd period - Shot by Travis Dermott.
12:33 of 3rd period - Goal by Travis Dermott - RENO LIONS : 3 - OKANAGAN RATTLESNAKES : 3.
12:34 of 3rd period - Oskar Sundqvist wins face-off versus Andreas Johnsson in neutral zone.
12:39 of 3rd period - Shot by Oskar Sundqvist.
12:39 of 3rd period - Deflect By Colin White.
12:39 of 3rd period - Shot Blocked by Mattias Samuelsson.
12:59 of 3rd period - Icing by Mattias Samuelsson.
13:00 of 3rd period - Lars Eller wins face-off versus Derek Grant in RENO LIONS zone.
13:16 of 3rd period - Shot by Andreas Johnsson.
13:16 of 3rd period - Deflect By Trevor Lewis.
13:16 of 3rd period - Shot Misses the Net.
13:30 of 3rd period - Shot by T.J. Oshie.
13:30 of 3rd period - Stopped by Elvis Merzlikins without a rebound.
13:31 of 3rd period - Steven Stamkos wins face-off versus Alexander Wennberg in RENO LIONS zone.
13:38 of 3rd period - Shot by Steven Stamkos.
13:38 of 3rd period - Stopped by Laurent Brossoit without a rebound.
13:39 of 3rd period - Steven Stamkos wins face-off versus Alexander Wennberg in OKANAGAN RATTLESNAKES zone.
13:40 of 3rd period - Shot by Kirill Kaprizov.
13:40 of 3rd period - Shot Blocked by Mike Hoffman.
14:41 of 3rd period - Cam Atkinson is hit by Justin Faulk and loses puck.
14:51 of 3rd period - Minor Penalty to Robert Hagg for Holding.
14:52 of 3rd period - T.J. Oshie wins face-off versus Patrick Brown in RENO LIONS zone.
16:13 of 3rd period - Shot by Vincent Hinostroza.
16:13 of 3rd period - Stopped by Laurent Brossoit without a rebound.
16:14 of 3rd period - Pierre-Luc Dubois wins face-off versus Oskar Sundqvist in OKANAGAN RATTLESNAKES zone.
16:29 of 3rd period - Shot by T.J. Oshie.
16:29 of 3rd period - Shot Blocked by Mattias Samuelsson.
17:04 of 3rd period - Shot by Eric Robinson.
17:04 of 3rd period - Shot Blocked by Oliver Ekman-Larsson.
17:26 of 3rd period - Shot by Luke Kunin.
17:26 of 3rd period - Shot Misses the Net.
17:28 of 3rd period - Shot by Travis Dermott.
17:28 of 3rd period - Shot Misses the Net.
18:31 of 3rd period - Icing by Olli Maatta.
18:32 of 3rd period - Pierre-Luc Dubois wins face-off versus Alexander Wennberg in OKANAGAN RATTLESNAKES zone.
19:11 of 3rd period - Shot by Cam Atkinson.
19:11 of 3rd period - Stopped by Laurent Brossoit without a rebound.
19:12 of 3rd period - Steven Stamkos wins face-off versus Oskar Sundqvist in OKANAGAN RATTLESNAKES zone.
19:46 of 3rd period - Icing by Jani Hakanpaa.
19:47 of 3rd period - Derek Grant wins face-off versus Oskar Sundqvist in OKANAGAN RATTLESNAKES zone.
19:54 of 3rd period - Shot by Andreas Johnsson.
19:54 of 3rd period - Shot Misses the Net.
Goals for this period are 0 for RENO LIONS vs 1 for OKANAGAN RATTLESNAKES.
Shots for this period are 6 for RENO LIONS vs 9 for OKANAGAN RATTLESNAKES.

Overtime #1


0:01 of 1st overtime period - Lars Eller wins face-off versus Steven Stamkos in neutral zone.
0:10 of 1st overtime period - Shot by Steven Stamkos.
0:10 of 1st overtime period - Shot Misses the Net.
0:12 of 1st overtime period - Shot by Kirill Kaprizov.
0:12 of 1st overtime period - Shot Hit the Post.
0:14 of 1st overtime period - Shot by Steven Stamkos.
0:14 of 1st overtime period - Deflect By Kirill Kaprizov.
0:14 of 1st overtime period - Stopped by Laurent Brossoit without a rebound.
0:15 of 1st overtime period - Lars Eller wins face-off versus Steven Stamkos in OKANAGAN RATTLESNAKES zone.
0:30 of 1st overtime period - Shot by Lars Eller.
0:30 of 1st overtime period - Stopped by Elvis Merzlikins with a rebound.
0:37 of 1st overtime period - Off-side.
0:38 of 1st overtime period - Steven Stamkos wins face-off versus Lars Eller in neutral zone.
0:47 of 1st overtime period - Shot by Kirill Kaprizov.
0:47 of 1st overtime period - Shot Misses the Net.
1:39 of 1st overtime period - Shot by Jordan Eberle.
1:39 of 1st overtime period - Shot Blocked by Oliver Ekman-Larsson.
2:07 of 1st overtime period - Shot by Elias Pettersson.
2:07 of 1st overtime period - Shot Misses the Net.
3:25 of 1st overtime period - Icing by Mike Hoffman.
3:26 of 1st overtime period - Steven Stamkos wins face-off versus Alexander Wennberg in OKANAGAN RATTLESNAKES zone.
3:35 of 1st overtime period - Shot by Kirill Kaprizov.
3:35 of 1st overtime period - Shot Misses the Net.
3:47 of 1st overtime period - Shot by Mike Hoffman.
3:47 of 1st overtime period - Shot Misses the Net.
3:49 of 1st overtime period - Shot by Mike Hoffman.
3:49 of 1st overtime period - Stopped by Elvis Merzlikins without a rebound.
3:50 of 1st overtime period - T.J. Oshie wins face-off versus Steven Stamkos in RENO LIONS zone.
4:36 of 1st overtime period - Shot by Lars Eller.
4:36 of 1st overtime period - Stopped by Elvis Merzlikins without a rebound.
4:37 of 1st overtime period - Lars Eller wins face-off versus Pierre-Luc Dubois in RENO LIONS zone.
4:56 of 1st overtime period - Shot by Pierre-Luc Dubois.
4:56 of 1st overtime period - Stopped by Laurent Brossoit without a rebound.
4:57 of 1st overtime period - T.J. Oshie wins face-off versus Pierre-Luc Dubois in OKANAGAN RATTLESNAKES zone.
Goals for this period are 0 for RENO LIONS vs 0 for OKANAGAN RATTLESNAKES.
Shots for this period are 2 for RENO LIONS vs 3 for OKANAGAN RATTLESNAKES.

ShootOut


5:00 of 1st overtime period - Round #1.
5:00 of 1st overtime period - RENO LIONS, Steven Stamkos.
5:00 of 1st overtime period - Shot Misses the Net.
5:00 of 1st overtime period - OKANAGAN RATTLESNAKES, T.J. Oshie.
5:00 of 1st overtime period - Stopped by Elvis Merzlikins.
5:00 of 1st overtime period - Round #2.
5:00 of 1st overtime period - RENO LIONS, Kirill Kaprizov.
5:00 of 1st overtime period - Stopped by Laurent Brossoit.
5:00 of 1st overtime period - OKANAGAN RATTLESNAKES, Darren Helm.
5:00 of 1st overtime period - Goal by Darren Helm.
5:00 of 1st overtime period - Round #3.
5:00 of 1st overtime period - RENO LIONS, Elias Pettersson.
5:00 of 1st overtime period - Stopped by Laurent Brossoit.


DARCY
KUEMPER
JAKE
OETTINGER
NINO
NIEDERREITER

EAST COAST

HOCKEY LEAGUE

  • 1.CHI2QUE4
  • 2.LIM2CHA3
  • 3.LON3TRV5
  • 4.BAL5CHW6
  • 5.MANPIT
  • 6.NHWATL
  • 7.PETWOR
  • 8.RHI